 Dungeon Sprint DCSS version 0.17.0-56-gd8de76c (webtiles) character file.

9562 pipel the Peltast (level 11, 0/101 HPs)
             Began as a Formicid Fighter on Dec 5, 2015.
             Killed by drain life
             ... invoked by a soul eater
             ... summoned by an orc high priest
              (12 damage)
             ... in the Dungeon (Sprint IX: "|||||||||||||||||||||||||||||").
             The game lasted 00:10:16 (2654 turns).

pipel the Peltast (Formicid Fighter)                Turns: 2654, Time: 00:10:17

Health: 0/101      AC: 24    Str: 29    XL:     11   Next: 76%
Magic:  12/12      EV: 12    Int:  8    God:    Xom [..*...]
Gold:   1173       SH: 15    Dex: 12    Spells: 0 memorised, 10 levels left

rFire  . . .     SeeInvis +     b - +2 lajatang
rCold  . . .     Clarity  .     w - +0 plate armour
rNeg   . . .     SustAt   .     c - +0 shield
rPois  .         Gourm    .     (helmet unavailable)
rElec  .         Spirit   .     y - +0 cloak
rCorr  .         Warding  .     s - +0 pair of gloves
rMut   .         Stasis   +     r - +0 pair of boots
MR     ++...                    (no amulet)
Stlth  ..........               v - +2 ring of protection
                                u - +2 ring of protection

@: mighty, very resistant to hostile enchantments, extremely unstealthy
A: permanent stasis, dig shafts and tunnels, four strong arms, antennae 3, agile
1, magic resistance 1, spit poison 1
a: Dig, Spit Poison, Renounce Religion


You were in the Dungeon.
You worshipped Xom.
You were a toy of Xom.
You were not hungry.

You visited 1 branch You collected 1173 gold pieces.

Inventory:

Hand Weapons
 a - a +0 flail
 b - a +2 lajatang (weapon)
Armour
 c - a +0 shield (worn)
 q - a +0 scale mail
 r - a +0 pair of boots (worn)
 s - a +0 pair of gloves (worn)
 t - a +1 scale mail
 w - a +0 plate armour (worn)
 y - a +0 cloak (worn)
Magical Staves
 p - an uncursed staff of energy
Jewellery
 u - a +2 ring of protection (left hand)
 v - a +2 ring of protection (right hand)
Wands
 o - a wand of fire (0)
 x - a wand of digging (12)
Scrolls
 k - 3 scrolls of blinking
 m - 3 scrolls of remove curse
 n - 2 scrolls of amnesia
 z - 2 scrolls of fog
Potions
 d - a potion of might
 f - 7 potions of curing
 g - a potion of heal wounds
 h - 2 potions of haste
 i - 4 potions of magic
 j - a potion of berserk rage
 l - a potion of invisibility
 C - a potion of cure mutation
Comestibles
 e - 13 bread rations
 A - 40 fruits
 B - 12 meat rations
 D - 3 chunks of flesh


   Skills:
 + Level 14.3 Fighting
 - Level 3.1(9.0) Maces & Flails
 + Level 12.7(12.9) Staves
 + Level 12.7 Armour
 + Level 9.7 Dodging
 - Level 4.0 Stealth
 + Level 15.9 Shields
 - Level 1.8 Evocations


You had 10 spell levels left.
You didn't know any spells.

Dungeon Overview and Level Annotations

Branches:
Dungeon (1/1)

Altars:
Cheibriados
Dithmenos
Elyvilon
Fedhas
Gozag
Kikubaaqudgha
Makhleb
Nemelex Xobeh
Okawaru
Qazlal
Ru
Sif Muna
Trog
Vehumet
Xom
Yredelemnul
Zin
The Shining One
Beogh
Jiyva
Lugonu


Innate Abilities, Weirdness & Mutations

You are under a permanent stasis effect.
You can dig through walls and to a lower floor.
Your four strong arms can wield two-handed weapons with a shield.
You have a pair of large antennae on your head (SInv).
You are agile. (Dex +2)
You are resistant to hostile enchantments.
You can spit weak poison.


Message History

The ice devil hits you but does no damage.
You slash the ice devil!
The ice devil is severely wounded.
You barely miss the ice devil.
The ice devil is severely wounded.
The ice devil hits you but does no damage.
You hit the ice devil.
The ice devil is almost dead.
You block the ice devil's attack.
You slash the ice devil!
You kill the ice devil!
You slash the orc high priest!
The orc high priest is moderately wounded.
You hit the orc high priest.
The orc high priest is heavily wounded.
The orc high priest mumbles some strange prayers.
The orc high priest prays to Beogh.
The soul eater draws from the surrounding life force!
You die...
Xom laughs nastily! ,,,,+,,,,,,,,,+≈≈≈≈,,,,,+,,,,,,,, * * ********** ***** ** ****** ** ,,,,,, , ,,,,,,,, ,,, ,,, , ,,,,, ****** ********* ****** ** ****** {{{{{{{+

,,, ,∆∆∆,∆∆∆∆∆∆∆∆,∆∆∆∆∆∆ **
************************* ****
,,,,, ,,,,,,,,,,,,,,, ,,,{,,,,,
*********▓▓▓▓▓▓▓▓▓▓▓▓▓▓▓▓▓▓▓▓▓▓▓▓
{∩{ {{{{{+.$.33o@4..)))...))....)
▓▓▓▓▓▓▓▓▓▓▓▓▓▓▓▓▓▓▓▓▓▓▓▓▓▓▓▓▓▓▓▓▓
.........).......................
▓▓▓▓▓▓▓▓▓▓▓▓▓▓▓▓▓▓▓▓▓▓▓▓▓▓▓▓▓▓▓▓▓
........'.........'........)'....
▓▓▓▓▓▓▓▓▓▓▓▓▓▓▓▓▓▓▓▓▓▓▓▓▓▓▓▓▓▓▓▓▓
.................................
▓▓▓▓▓▓▓▓▓▓▓▓▓▓▓▓▓▓▓▓▓▓▓▓▓▓▓▓▓▓▓▓▓
).....)...'_____________________'


You could see 2 soul eaters, an orc high priest and a blue devil.

Vanquished Creatures
  2 hydras (D)
  An orc high priest (D)
  A skeletal warrior (D)
  A hill giant (D)
  3 orc knights (D)
  A griffon (D)
  An orc sorcerer (D)
  An elephant (D)
  An octopode (D)
  Maurice (D)
  3 spiny frogs (D)
  A komodo dragon (D)
  A yak (D)
  A wyvern (D)
  A hungry ghost (D)
  2 hippogriffs (D)
  A water moccasin (D)
  A sky beast (D)
  A porcupine (D)
  5 orc warriors (D)
  An ice beast (D)
  2 crocodiles (D)
  3 brain worms (D)
  2 giant frogs (D)
  A scorpion (D)
  A crimson imp (D)
  A hound (D)
  3 orc wizards (D)
  6 orc priests (D)
  A sheep (D)
  2 adders (D)
  A gnoll (D)
  2 river rats (D)
  4 worms (D)
  A giant gecko (D)
  5 orcs (D)
  A bat skeleton (D)
  2 goblins (D)
  2 hobgoblins (D)
  A quokka (D)
  A giant cockroach (D)
73 creatures vanquished.

Notes
Turn   | Place    | Note
--------------------------------------------------------------
     0 | D        | pipel the Formicid Fighter began the quest for the Orb.
     0 | D        | Reached XP level 1. HP: 18/18 MP: 1/1
    20 | D        | Reached skill level 4 in Armour
   183 | D        | Noticed a crimson imp
   185 | D        | Reached XP level 2. HP: 22/25 MP: 2/2
   191 | D        | Reached skill level 5 in Armour
   191 | D        | Reached XP level 3. HP: 22/32 MP: 3/3
   195 | D        | Reached skill level 5 in Fighting
   195 | D        | Reached skill level 1 in Dodging
   195 | D        | Reached skill level 5 in Shields
   206 | D        | Killed a crimson imp
   206 | D        | Reached XP level 4. HP: 12/40 MP: 4/4
   215 | D        | Found a glowing silver altar of Zin.
   215 | D        | Found a glowing golden altar of the Shining One.
   215 | D        | Found an ancient bone altar of Kikubaaqudgha.
   215 | D        | Found a basalt altar of Yredelemnul.
   215 | D        | Found a shimmering altar of Xom.
   215 | D        | Found a radiant altar of Vehumet.
   216 | D        | Found an iron altar of Okawaru.
   217 | D        | Found a burning altar of Makhleb.
   218 | D        | Found a deep blue altar of Sif Muna.
   219 | D        | Found a bloodstained altar of Trog.
   220 | D        | Found a sparkling altar of Nemelex Xobeh.
   221 | D        | Found a white marble altar of Elyvilon.
   222 | D        | Found a roughly hewn altar of Beogh.
   223 | D        | Found a viscous altar of Jiyva.
   224 | D        | Found a corrupted altar of Lugonu.
   225 | D        | Found a blossoming altar of Fedhas.
   226 | D        | Found a snail-covered altar of Cheibriados.
   227 | D        | Found a shadowy altar of Dithmenos.
   228 | D        | Found a stormy altar of Qazlal.
   229 | D        | Found an opulent altar of Gozag.
   230 | D        | Found a sacrificial altar of Ru.
   244 | D        | Became a worshipper of Xom of Ineffable Intent
   369 | D        | XOM: silly message
   422 | D        | Noticed an ice beast
   422 | D        | Noticed a wyvern
   422 | D        | Noticed a sky beast
   422 | D        | Noticed a hill giant
   424 | D        | Killed a wyvern
   424 | D        | Reached skill level 7 in Fighting
   424 | D        | Reached skill level 8 in Shields
   424 | D        | Reached XP level 5. HP: 44/48 MP: 5/5
   424 | D        | Reached XP level 6. HP: 50/55 MP: 6/6
   425 | D        | Killed a sky beast
   425 | D        | Reached skill level 9 in Shields
   430 | D        | Killed a hill giant
   430 | D        | Reached skill level 5 in Staves
   430 | D        | Reached skill level 5 in Dodging
   430 | D        | Reached skill level 10 in Shields
   430 | D        | Reached skill level 1 in Evocations
   430 | D        | Reached XP level 7. HP: 36/64 MP: 6/8
   430 | D        | Reached XP level 8. HP: 39/71 MP: 6/9
   439 | D        | Killed an ice beast
   444 | D        | Gained mutation: You are resistant to hostile enchantments. [mutagenic meat]
   445 | D        | Gained mutation: You can spit weak poison. [mutagenic meat]
   446 | D        | Gained mutation: You are agile. (Dex +2) [mutagenic meat]
   663 | D        | Noticed a hound
   663 | D        | Noticed a four-headed hydra
   663 | D        | Noticed a hungry ghost
   663 | D        | Noticed a yak
   663 | D        | Noticed a griffon
   663 | D        | Noticed a skeletal warrior
   665 | D        | XOM: potion effect (brilliance)
   669 | D        | Killed a skeletal warrior
   669 | D        | Reached skill level 10 in Fighting
   669 | D        | Reached skill level 10 in Armour
   669 | D        | Reached skill level 11 in Shields
   669 | D        | Killed a griffon
   669 | D        | Reached skill level 12 in Shields
   669 | D        | Reached XP level 9. HP: 76/79 MP: 10/10
   674 | D        | Killed a four-headed hydra
   674 | D        | Reached skill level 13 in Shields
   676 | D        | XOM: potion effect (invisibility)
   681 | D        | Killed a yak
   694 | D        | Killed a hungry ghost
   696 | D        | Killed a hound
   696 | D        | Reached XP level 10. HP: 64/88 MP: 11/11
   819 | D        | Noticed a crocodile
   819 | D        | Noticed a porcupine
   819 | D        | Noticed a water moccasin
   819 | D        | Noticed a spiny frog
   819 | D        | Noticed a giant frog
   822 | D        | XOM: divination: detect items
   829 | D        | Killed a spiny frog
   834 | D        | Killed a giant frog
   846 | D        | Killed a water moccasin
   847 | D        | XOM: potion effect (invisibility)
   850 | D        | XOM: smoke on damage
   852 | D        | Killed a porcupine
   858 | D        | Killed a crocodile
   859 | D        | Noticed a crocodile
   925 | D        | XOM: harmless Conj miscast
   999 | D        | XOM: divination: magic mapping
  1110 | D        | XOM: potion effect (might)
  1118 | D        | Killed a crocodile
  1118 | D        | Reached skill level 1 in Stealth
  1129 | D        | Noticed a scorpion
  1130 | D        | Noticed a spiny frog
  1131 | D        | XOM: potion effect (brilliance)
  1133 | D        | Killed a scorpion
  1137 | D        | XOM: potion effect (brilliance)
  1139 | D        | Killed a spiny frog
  1139 | D        | Reached skill level 14 in Shields
  1219 | D        | Noticed a four-headed hydra
  1219 | D        | Noticed an elephant
  1219 | D        | Noticed a spiny frog
  1219 | D        | Noticed a hippogriff
  1222 | D        | Killed a hippogriff
  1222 | D        | XOM: fog
  1231 | D        | Killed a spiny frog
  1232 | D        | XOM: potion effect (brilliance)
  1235 | D        | Killed an elephant
  1235 | D        | Reached skill level 10 in Staves
  1246 | D        | Noticed a komodo dragon
  1248 | D        | HP: 2/90 [four-headed hydra (6)]
  1250 | D        | Killed a four-headed hydra
  1504 | D        | XOM: scenery: 1 doors open
  1517 | D        | Killed a komodo dragon
  1517 | D        | Reached XP level 11. HP: 92/97 MP: 12/12
  1536 | D        | Noticed a hippogriff
  1537 | D        | Noticed a giant frog
  1542 | D        | Killed a hippogriff
  1544 | D        | Killed a giant frog
  1555 | D        | Noticed a brain worm
  1555 | D        | Noticed a brain worm
  1555 | D        | Noticed a brain worm
  1558 | D        | XOM: summons friendly iron imp
  1560 | D        | Lost intelligence.
  1566 | D        | Killed a brain worm
  1568 | D        | Killed a brain worm
  1571 | D        | Killed a brain worm
  1572 | D        | Noticed a lindwurm
  1573 | D        | Noticed a fire crab
  1573 | D        | a lindwurm changed into a fire crab
  1573 | D        | XOM: polymorph lindwurm -> fire crab
  1577 | D        | a fire crab changed into an octopode
  1577 | D        | XOM: polymorph fire crab -> octopode
  1583 | D        | XOM: mild Tloc miscast
  1589 | D        | Reached skill level 15 in Shields
  1643 | D        | Noticed Maurice
  1663 | D        | XOM: mild Trmt miscast
  1670 | D        | Killed Maurice
  1726 | D        | Noticed an orc priest
  1726 | D        | Noticed an orc priest
  1726 | D        | Noticed an orc wizard
  1728 | D        | Killed an orc wizard
  1729 | D        | Noticed an orc priest
  1729 | D        | Killed an orc priest
  1730 | D        | Noticed an orc wizard
  1732 | D        | Killed an orc priest
  1736 | D        | Noticed an orc sorcerer
  1739 | D        | Noticed an orc priest
  1740 | D        | Noticed a soul eater
  1755 | D        | Killed an orc sorcerer
  1756 | D        | Killed an orc priest
  1757 | D        | Killed an orc wizard
  1765 | D        | Killed an orc priest
  1767 | D        | XOM: colour smoke trail
  1782 | D        | Noticed an orc priest
  1790 | D        | Killed an orc priest
  2051 | D        | Noticed an orc high priest
  2051 | D        | Noticed an orc knight
  2051 | D        | Noticed an orc knight
  2051 | D        | Noticed an orc warrior
  2051 | D        | Noticed an orc wizard
  2051 | D        | Noticed an orc warrior
  2055 | D        | Noticed an orc warrior
  2055 | D        | Killed an orc warrior
  2063 | D        | XOM: confusion
  2075 | D        | XOM: fog
  2079 | D        | XOM: divination: magic mapping
  2079 | D        | XOM: butterfly on damage
  2080 | D        | Killed an orc knight
  2081 | D        | XOM: polymorph butterfly -> orc
  2109 | D        | XOM: harmless Erth miscast
  2236 | D        | Killed an orc knight
  2311 | D        | Killed an orc warrior
  2365 | D        | Killed an orc wizard
  2383 | D        | XOM: noise
  2389 | D        | XOM: confusion
  2393 | D        | Noticed a sun demon
  2400 | D        | Noticed an orc priest
  2401 | D        | Killed an orc high priest
  2405 | D        | Killed an orc priest
  2564 | D        | XOM: summons 2 hostile demons
  2588 | D        | Killed an orc warrior
  2610 | D        | Noticed an orc warrior
  2611 | D        | Noticed an orc warrior
  2618 | D        | Killed an orc warrior
  2621 | D        | Killed an orc warrior
  2626 | D        | Noticed an orc knight
  2627 | D        | Noticed an orc high priest
  2632 | D        | Noticed a soul eater
  2632 | D        | Noticed a sun demon
  2633 | D        | Noticed a soul eater
  2635 | D        | Killed an orc knight
  2638 | D        | Noticed an ice devil
  2638 | D        | a sun demon changed into an ice devil
  2638 | D        | XOM: polymorph sun demon -> ice devil
  2642 | D        | HP: 4/101 [soul eater/drain life[an orc high priest] (8)]
  2654 | D        | Killed from afar by a soul eater

Action                   |  1- 3 |  4- 6 |  7- 9 | 10-12 || total
-------------------------+-------+-------+-------+-------++-------
Melee: Flail             |    38 |       |     4 |     6 ||    48
       Lajatang          |       |     5 |    32 |   248 ||   285
Evoke: Wand              |       |     3 |     4 |     5 ||    12
  Use: Scroll            |       |       |       |     3 ||     3
       Potion            |       |       |       |     8 ||     8
 Stab: Invisible         |       |       |       |     3 ||     3
  Eat: Chunk             |       |       |     3 |     9 ||    12
